cohdb
Replays
Latest Replays
All Replays
Popular Replays
Top Player Replays
Match Explorer
How It Works
Community
CoH3 Stats
Reddit
Sign in to upload your games and track your stats! →
Sign in with Steam
Match 44682410
Unlisted
Match 44682410
Overview
Messages
Build Orders
End
Kradschützen Motorcycle Team
Panzergrenadier Squad
Panzergrenadier Squad
Panzergrenadier Squad
Construct Light Support Kompanie
Selects Panzerjäger Kommand Battlegroup
Assault Mechanized Group
Construct Mechanized Kompanie
Panzerjäger Squad
CPU - Very Easy
Barbarossa
0
0
Comments
sign in to comment!
No comments posted yet!